 Dungeon Crawl Stone Soup version 0.20-a0-1089-g3fde505 (webtiles) character file.

2380 Alarkh the Cleaver (level 9, -6/97 HPs)
             Began as a Demonspawn Berserker on May 3, 2017.
             Was an Elder of Trog.
             Mangled by a two-headed ogre
             ... wielding a +0 giant club
              (25 damage)
             ... on level 8 of the Dungeon.
             The game lasted 00:07:33 (6323 turns).

Alarkh the Cleaver (Demonspawn Berserker)           Turns: 6323, Time: 00:07:33

Health: -6/97      AC:  9    Str: 23    XL:     9   Next: 22%
Magic:  9/9        EV: 13    Int: 11    God:    Trog [****..]
Gold:   330        SH:  0    Dex: 13    Spells: 8/8 levels left

rFire    . . .     SeeInvis .   a - +0 war axe
rCold    . . .     Gourm    .   (no shield)
rNeg     . . .     Faith    .   z - +2 robe {MR+}
rPois    +         Spirit   .   y - +0 helmet
rElec    .         Reflect  .   (no cloak)
rCorr    .         Harm     .   u - +0 pair of gloves
MR       +....                  B - +0 pair of boots
Stlth    ..........             I - amulet of regeneration
Regen    3.7/turn               q - ring of wizardry
MPRegen  0.2/turn               A - ring of poison resistance

@: berserking (expiring), very quick
A: icy blue scales 1, powered by death 3
a: Berserk, Trog's Hand, Brothers in Arms, Burn Spellbooks, Renounce Religion


You were on level 8 of the Dungeon.
You worshipped Trog.
Trog was greatly pleased with you.
You were hungry.

You visited 2 branches of the dungeon, and saw 9 of its levels.

You collected 330 gold pieces.

Inventory:

Hand Weapons
 a - a +0 war axe (weapon)
 J - a +0 hand axe
Armour
 b - a +0 animal skin
 f - a +0 pair of gloves
 u - a +0 pair of gloves (worn)
 y - a +0 helmet (worn)
 z - a +2 robe of magic resistance (worn)
 B - a +0 pair of boots (worn)
Magical Staves
 x - an uncursed staff of death
Jewellery
 q - a ring of wizardry (left hand)
 A - a ring of poison resistance (right hand)
 I - an amulet of regeneration (around neck)
Wands
 H - a wand of iceblast (8/15)
Scrolls
 e - a scroll of identify
 g - 2 scrolls of immolation
 h - 2 scrolls of recharging
 l - a scroll of magic mapping
 s - 5 scrolls of random uselessness {unknown}
 t - 2 scrolls of noise
 w - 3 scrolls of enchant weapon {unknown}
 C - 2 scrolls of remove curse {unknown}
 D - 3 scrolls of teleportation {unknown}
 F - a scroll of amnesia
 G - a scroll of blinking {unknown}
Potions
 i - a potion of magic
 j - 3 potions of curing
 k - 2 potions of brilliance
 m - a potion of resistance
 n - 3 potions of ambrosia
 o - a potion of berserk rage
 r - a potion of might
 E - a potion of cancellation
Comestibles
 c - 9 bread rations
 d - 2 meat rations
 p - 4 fruits
 v - 6 chunks of flesh


   Skills:
 + Level 4.0 Fighting
 * Level 10.7 Axes
 + Level 3.1 Armour
 + Level 3.0 Dodging


You had 8 spell levels left.
You didn't know any spells.

Dungeon Overview and Level Annotations

Branches:
Dungeon (8/15)             Temple (1/1) D:6
   Lair: D:8-11

Altars:
Ashenzari
Cheibriados
Dithmenos
Elyvilon
Fedhas
Gozag
Hepliaklqana
Kikubaaqudgha
Makhleb
Nemelex Xobeh
Okawaru
Qazlal
Ru
Sif Muna
Trog
Uskayaw
Vehumet
Wu Jian
Xom
Yredelemnul
Zin

Shops:
D:7 (


Innate Abilities, Weirdness & Mutations

You are partially covered in icy blue scales. (AC +2)
You regenerate a lot of health from kills.


Message History

The hippogriff bites you.
* * * LOW HITPOINT WARNING * * *
The hippogriff pecks you but does no damage.
The hippogriff claws you.
* * * LOW HITPOINT WARNING * * *
You slash the hippogriff!
You kill the hippogriff!
Trog accepts your kill.
Your Fighting skill increases to level 4!
Your Armour skill increases to level 3!
Your Dodging skill increases to level 3!
The centaur shoots an arrow.
The arrow hits you.
* * * LOW HITPOINT WARNING * * *
Unknown command.
You hit the two-headed ogre.
The two-headed ogre is heavily wounded.
You slash the two-headed ogre!
The two-headed ogre is severely wounded.
The two-headed ogre hits you with a giant club!!
You die...

#+####+# #....#.#
####.#.###########
+.................
#(...#.#.##.......
#(####.#......##..
#######.####.####.#.#...
................<.......
###.###@####.#.##..###..
#.###O# #.# ...... .
#...cc# #.. .#..##..
........./.# .. #.#
.......#......... .#
....... .#.##.... ..
....... .#.# .# .......
'# # ....... ..


You could see a two-headed ogre and 2 centaurs.

Vanquished Creatures
  A hippogriff (D:8)
  A spriggan (D:7)
  A water moccasin (D:7)
  Duvessa (D:4)
  A black bear (D:7)
  2 ogres (D:4)
  Dowan (D:4)
  A scorpion (D:3)
  6 killer bees (D:6)
  A howler monkey (D:4)
  3 crimson imps
  2 hounds
  An orc priest (D:3)
  A bullfrog skeleton (D:7)
  2 iguanas
  6 orc wizards
  14 worker ants
  A hound zombie (D:5)
  A hound skeleton (D:4)
  2 howler monkey skeletons
  8 gnolls
  9 adders
  3 shadow imps
  4 oozes
  A worm (D:4)
  7 leopard geckos
  25 orcs
  4 ball pythons
  9 giant cockroaches
  8 goblins
  7 hobgoblins
  11 jackals
  5 quokkas
  5 bats
  3 frilled lizards
  13 kobolds
  A quokka skeleton (D:4)
  6 rats
178 creatures vanquished.

Notes
Turn   | Place    | Note
-------+----------+-------------------------------------------
     0 | D:1      | Alarkh the Demonspawn Berserker began the quest for the Orb.
     0 | D:1      | Reached XP level 1. HP: 18/18 MP: 1/1
    24 | D:1      | Reached skill level 3 in Axes
   218 | D:1      | Gained mutation: You regenerate a little health from kills. [demonic ancestry]
   218 | D:1      | Reached XP level 2. HP: 14/24 MP: 2/2
  1038 | D:1      | Reached XP level 3. HP: 26/29 MP: 3/3
  1111 | D:1      | Reached ** piety under Trog
  1302 | D:2      | Reached skill level 4 in Axes
  1821 | D:2      | Gained mutation: You regenerate health from kills. [demonic ancestry]
  1821 | D:2      | Reached XP level 4. HP: 35/35 MP: 4/4
  1920 | D:2      | Found a deep blue altar of Sif Muna.
  1996 | D:3      | Reached skill level 5 in Axes
  2072 | D:3      | Gained mutation: You regenerate a lot of health from kills. [demonic ancestry]
  2072 | D:3      | Reached XP level 5. HP: 41/41 MP: 5/5
  2182 | D:3      | Reached *** piety under Trog
  2185 | D:3      | Reached skill level 6 in Axes
  2489 | D:3      | Reached XP level 6. HP: 38/47 MP: 6/6
  2746 | D:4      | Reached skill level 7 in Axes
  2822 | D:4      | Reached XP level 7. HP: 52/52 MP: 7/7
  2884 | D:4      | Noticed Duvessa
  2886 | D:4      | Noticed Dowan
  2902 | D:4      | Killed Duvessa
  2902 | D:4      | Reached skill level 8 in Axes
  3350 | D:4      | Killed Dowan
  3409 | D:5      | Entered Level 5 of the Dungeon
  3789 | D:5      | Reached skill level 9 in Axes
  3789 | D:5      | Gained mutation: You are partially covered in icy blue scales. (AC +2) [demonic ancestry]
  3789 | D:5      | Reached XP level 8. HP: 58/58 MP: 8/8
  4055 | D:5      | Reached **** piety under Trog
  4837 | D:6      | Reached skill level 10 in Axes
  5110 | D:6      | Found a staircase to the Ecumenical Temple.
  5222 | Temple   | Entered the Ecumenical Temple
  5644 | D:7      | Found a radiant altar of Vehumet.
  5663 | D:7      | Found a stormy altar of Qazlal.
  5737 | D:7      | Found Uproiw's Weapon Shop.
  5997 | D:7      | Reached XP level 9. HP: 39/65 MP: 9/9
  6308 | D:8      | Noticed a two-headed ogre
  6323 | D:8      | Mangled by a two-headed ogre

Vault maps used:
D:1:      minmay_arrival_glassed_features
D:2:      serial_bayou_pond_e, lemuel_blue_sif_altar
D:3:      kb_forest_paths, corexii_leaking_fountain
D:4:      serial_bayou_pond_c, minmay_misc_feat_pillars, uniq_duvessa
D:5:      first_bread
D:6:      temple_hall
D:7:      fiery_altar_vehumet, grunt_qazlal_sundering, serial_shops,
          nicolae_shop_waterfront, the_bakery, kennysheep_generic_room_5
D:8:      minmay_misc_feat_x
Temple:   dpeg_five_rooms_temple

Skill      XL: |  1  2  3  4  5  6  7  8  9 |
---------------+----------------------------+-----
Axes           | 3 4 5 6 7 9 10 | 10.7
Armour         | 2 3 |  3.1
Dodging        | 2 3 |  3.0
Fighting       | 4 |  4.0

Action                   |  1- 3 |  4- 6 |  7- 9 || total
-------------------------+-------+-------+-------++-------
Melee: Hand axe          |   132 |   197 |   342 ||   671
       War axe           |       |       |    51 ||    51
Invok: Berserk           |     4 |     5 |    10 ||    19
       Trog's Hand       |       |       |     1 ||     1
  Use: Scroll            |       |     5 |     8 ||    13
 Stab: Sleeping          |       |     1 |     2 ||     3
  Eat: Chunk             |     4 |     8 |    21 ||    33
       Fruit             |     2 |       |     1 ||     3
Armor: Animal skin       |    28 |    31 |    13 ||    72
       Robe              |       |       |   101 ||   101
Dodge: Dodged            |    90 |   115 |   219 ||   424
